 Dungeon Crawl Stone Soup version 0.19-b1-5-gdc9fa9d (webtiles) character file.

717 DakAttack the Skirmisher (level 7, -5/57 HPs)
             Began as a Demonspawn Gladiator on Oct 31, 2016.
             Was an Initiate of Okawaru.
             Killed from afar by buriedalive's ghost (7 damage)
             ... with a magic dart
             ... on level 5 of the Dungeon.
             The game lasted 00:08:33 (4204 turns).

DakAttack the Skirmisher (Demonspawn Gladiator)     Turns: 4204, Time: 00:08:33

Health: -5/57      AC: 17    Str: 22    XL:     7   Next: 42%
Magic:  0/7        EV: 12    Int:  9    God:    Okawaru [......]
Gold:   232        SH:  0    Dex: 19    Spells: 0 memorised, 6 levels left

rFire  . . .     SeeInvis .     h - +0 scythe
rCold  . . .     Gourm    .     m - +1 plate armour
rNeg   . . .     Faith    .     (shield currently unavailable)
rPois  .         Spirit   +     c - +0 helmet
rElec  .         Reflect  .     (no cloak)
rCorr  .         Harm     .     (no gloves)
MR     .....                    s - +0 pair of boots
Stlth  ..........               (no amulet)
                                o - +4 ring of evasion
                                i - +5 ring of dexterity

@: confused, mighty
A: claws 2, icy blue scales 2, magic shield
a: Renounce Religion


You were on level 5 of the Dungeon.
You worshipped Okawaru.
Okawaru was noncommittal.
You were not hungry.

You visited 2 branches of the dungeon, and saw 6 of its levels.

You collected 232 gold pieces.

Inventory:

Hand Weapons
 a - a +0 trident
 h - a +0 scythe (weapon)
Missiles
 d - 3 throwing nets (quivered)
Armour
 c - a +0 helmet (worn)
 m - a +1 plate armour (worn)
 s - a +0 pair of boots (worn)
Jewellery
 b - an uncursed ring of protection from magic
 i - a +5 ring of dexterity (left claw)
 o - a +4 ring of evasion (right claw)
Scrolls
 j - a scroll of amnesia
Potions
 e - a potion of might
 l - a potion of invisibility {unknown}
Comestibles
 f - 5 bread rations
 p - a slice of pizza
 q - 2 fruits
 r - 2 meat rations


   Skills:
 * Level 5.7 Fighting
 + Level 4.2 Polearms
 - Level 1.7 Throwing
 + Level 3.1 Armour
 + Level 4.0 Dodging


You had 6 spell levels left.
You didn't know any spells.

Dungeon Overview and Level Annotations

Branches:
Dungeon (5/15)             Temple (1/1) D:4

Altars:
Ashenzari
Cheibriados
Dithmenos
Elyvilon
Fedhas
Gozag
Okawaru
Qazlal
Sif Muna
Trog
Uskayaw
Vehumet
Xom
Zin
The Shining One

Annotations:
D:5 buriedalive's ghost, amateur HECj


Innate Abilities, Weirdness & Mutations

You have very sharp fingernails.
You are mostly covered in icy blue scales. (AC +3)
When hurt, damage is shared between your health and your magic reserves.


Message History

You are confused.
Buriedalive's ghost gestures at you while chanting.
The magic dart hits you!
* * * LOW HITPOINT WARNING * * *
It was a potion of might.
You feel very mighty all of a sudden.
Buriedalive's ghost hits you but does no damage.
You bump into the rock wall.
Buriedalive's ghost gestures at you while chanting.
The spray of energy misses you.
Buriedalive's ghost points at you and mumbles some strange words.
The spray of energy hits you!
* * * LOW HITPOINT WARNING * * *
You are more confused.
You're too confused to move!
Buriedalive's ghost hits you.
* * * LOW HITPOINT WARNING * * *
Buriedalive's ghost casts a spell at you.
The magic dart hits you!
You die...

##########
#........#
#........#
#........#
#........#
#####........#
#......%.....#
#......W.....#
#........@...#
#...........>#
##
#.?..#[#.#####
##. #......#.#
########..
##...<...#
......#..#
#..###...
##...## #..
##.# #...## #.
#.# #.#.... .
#.####.


You could see buriedalive's ghost.

Vanquished Creatures
  Sigmund (D:4)
  An ogre (D:4)
  The ghost of scalarboson the Firebug, an amateur HOFE (D:4)
  A hound (D:3)
  4 orc wizards
  2 iguanas
  A worker ant (D:4)
  6 adders
  An ooze (D:3)
  2 worms
  A dart slug (D:3)
  3 leopard geckos
  15 orcs
  2 giant cockroaches
  5 goblins
  4 hobgoblins
  17 jackals
  2 quokkas
  A ball python (D:5)
  9 bats
  2 frilled lizards
  6 kobolds
  8 rats
95 creatures vanquished.

Notes
Turn   | Place    | Note
-------+----------+-------------------------------------------
     0 | D:1      | DakAttack the Demonspawn Gladiator began the quest for the Orb.
     0 | D:1      | Reached XP level 1. HP: 16/16 MP: 1/1
   113 | D:1      | Gained mutation: You are partially covered in icy blue scales. (AC +2) [demonic ancestry]
   113 | D:1      | Reached XP level 2. HP: 18/22 MP: 2/2
   451 | D:1      | Reached skill level 1 in Armour
   702 | D:1      | Reached XP level 3. HP: 3/28 MP: 3/3
  1144 | D:2      | Found a shadowy altar of Dithmenos.
  1282 | D:2      | Reached skill level 3 in Fighting
  1530 | D:2      | Gained mutation: When hurt, damage is shared between your health and your magic reserves. [demonic ancestry]
  1530 | D:2      | Reached XP level 4. HP: 35/35 MP: 4/4
  2049 | D:3      | Found a glowing golden altar of the Shining One.
  2076 | D:3      | Found a blossoming altar of Fedhas.
  2153 | D:3      | Gained mutation: You have sharp fingernails. [demonic ancestry]
  2153 | D:3      | Reached XP level 5. HP: 35/42 MP: 3/5
  2290 | D:3      | Found a stormy altar of Qazlal.
  2339 | D:3      | Found a shattered altar of Ashenzari.
  2506 | D:3      | Reached skill level 4 in Fighting
  2727 | D:4      | Noticed Sigmund
  2756 | D:4      | Killed Sigmund
  2756 | D:4      | Gained mutation: You are mostly covered in icy blue scales. (AC +3) [demonic ancestry]
  2756 | D:4      | Reached XP level 6. HP: 47/49 MP: 6/6
  2885 | D:4      | Noticed scalarboson's ghost (amateur HOFE)
  2898 | D:4      | Killed scalarboson's ghost
  2898 | D:4      | Reached skill level 5 in Fighting
  3039 | D:4      | Found a staircase to the Ecumenical Temple.
  3058 | Temple   | Entered the Ecumenical Temple
  3182 | Temple   | Became a worshipper of Warmaster Okawaru
  3292 | D:4      | Gained mutation: You have very sharp fingernails. [demonic ancestry]
  3292 | D:4      | Reached XP level 7. HP: 29/56 MP: 3/7
  3875 | D:5      | Entered Level 5 of the Dungeon
  4077 | D:5      | Found an opulent altar of Gozag.
  4172 | D:5      | Noticed buriedalive's ghost (amateur HECj)
  4203 | D:5      | HP: 2/57 [buriedalive's ghost (2)]
  4204 | D:5      | Killed from afar by buriedalive's ghost

Skill      XL: |  1  2  3  4  5  6  7 |
---------------+----------------------+-----
Armour         | 1 2 3 |  3.1
Polearms       | 3 4 |  4.2
Fighting       | 3 4 5 |  5.7
Dodging        | 3 4 |  4.0
Throwing       | |  1.7

Action                   |  1- 3 |  4- 6 |  7- 9 || total
-------------------------+-------+-------+-------++-------
Melee: Trident           |   136 |   163 |       ||   299
       Scythe            |       |    39 |    82 ||   121
  Use: Scroll            |     6 |     3 |     3 ||    12
       Potion            |       |       |     3 ||     3
 Stab: Sleeping          |     1 |       |       ||     1
  Eat: Chunk             |     2 |     4 |     3 ||     9
       Beef jerky        |       |     1 |       ||     1
       Fruit             |       |       |     1 ||     1
Armor: Leather armour    |    32 |       |       ||    32
       Ring mail         |    22 |    35 |       ||    57
       Plate armour      |       |    65 |    90 ||   155
Dodge: Dodged            |    94 |   125 |    77 ||   296
